 Dungeon Crawl Stone Soup version 0.29-a0-700-g2f1814c7b2 (webtiles) character file.

Game seed: 5049398104317943398

598275 buhh the Invulnerable (level 27, -3/201 HPs)
             Began as a Formicid Hunter on June 26, 2022.
             Was a High Priest of Hepliaklqana.
             Killed from afar by an orb of fire (13 damage)
             ... with a bolt of fire
             ... on level 5 of the Realm of Zot.
             The game lasted 03:15:14 (72137 turns).

buhh the Invulnerable (Formicid Hunter)            Turns: 72137, Time: 03:15:15

Health: -3/201     AC: 41    Str: 35    XL:     27
Magic:  42/42      EV: 14    Int: 21    God:    Hepliaklqana [*****.]
Gold:   3109       SH: 28    Dex: 21    Spells: 39/49 levels left

rFire   + + .      SeeInvis +   z - +3 triple crossbow (flame)
rCold   + + +      Faith    .   F - +3 tower shield {rC+ rF+} {!d}
rNeg    + + .      Spirit   .   C - +9 plate armour of the Gastropod {rElec rN+ Regen+}
rPois   .          Reflect  .   (helmet unavailable)
rElec   +          Harm     .   c - +2 cloak
rCorr   .          Rampage  .   m - +2 pair of gloves "Doly" {Int+3}
Will    ++...                   n - +0 pair of boots of Plasticity {Int+6 Slay+2}
Stlth   ..........              W - macabre finger necklace {rN+, =g}
HPRegen 1.23/turn               s - ring of Ifutas {rF+ rC++ Str+2 SInv}
MPRegen 0.28/turn               S - +6 ring of strength
                                g - +6 ring of strength

@: studying 3 skills
A: reduced essence, permanent stasis, dig shafts and tunnels, antennae 3, four
strong arms, clumsy 1, high MP 1, subdued magic 1, inability to drink while
threatened 1, devolution 1
}: 3/15 runes: serpentine, barnacled, silver
a: Dig, Shaft Self, Renounce Religion, Recall Ancestor, Ancestor Identity,
Transference, Idealise


You were on level 5 of the Realm of Zot.
You worshipped Hepliaklqana.
Hepliaklqana was extremely pleased with you.
You visited 12 branches of the dungeon, and saw 53 of its levels.
You visited the Abyss 1 time.
You also visited: Bailey, Gauntlet and Ice Cave.

You collected 7770 gold pieces.
You spent 4661 gold pieces at shops.

Inventory:

Hand Weapons
 z - a +3 triple crossbow of flaming (weapon)
Missiles
 e - 8 curare-tipped darts
Armour
 a - +8 gold dragon scales
 b - the +9 ice dragon scales of Wicang {rF- rC++ Str+4}
   (You found it in an ice cave)

   Str:       It affects your strength (+4).
   rF:        It makes you vulnerable to fire.
   rC:        It greatly protects you from cold.
 c - a +2 cloak (worn)
 m - the +2 pair of gloves "Doly" (worn) {Int+3}
   (You acquired it on level 4 of the Depths)

   Int:       It affects your intelligence (+3).
 n - the +0 pair of boots of Plasticity (worn) {Int+6 Slay+2}
   (You found it on level 1 of the Vaults)

   Int:       It affects your intelligence (+6).
   Slay:      It affects your accuracy & damage with ranged weapons and melee
   (+2).
 q - a +8 tower shield
 C - the +9 plate armour of the Gastropod (worn) {rElec rN+ Regen+}
   (You acquired it on level 3 of the Snake Pit)

   rElec:     It insulates you from electricity.
   rN:        It protects you from negative energy.
   Regen:     It increases your rate of health regeneration.
 F - a +3 tower shield of resistance (worn) {!d}
Jewellery
 g - a +6 ring of strength (on amulet)
 r - a +6 ring of strength
 s - the ring of Ifutas (left hand) {rF+ rC++ Str+2 SInv}
   (You bought it in a shop on level 2 of the Orcish Mines)

   [ring of see invisible]

   Str:       It affects your strength (+2).
   rF:        It protects you from fire.
   rC:        It greatly protects you from cold.
   SInv:      It lets you see invisible.
 x - a +6 ring of dexterity
 D - the ring "Jim Koekk" {rElec rN+ rCorr}
   (You found it on level 3 of the Elven Halls)

   [ring of positive energy]

   rElec:     It insulates you from electricity.
   rN:        It protects you from negative energy.
   rCorr:     It protects you from acid and corrosion.
 I - a +6 ring of intelligence
 O - the ring of Syndicalism {rC+ Will+ Int+3 Dex+4}
   (You found it on level 4 of the Depths)

   [ring of willpower]

   Int:       It affects your intelligence (+3).
   Dex:       It affects your dexterity (+4).
   rC:        It protects you from cold.
   Will:      It increases your willpower.
 S - a +6 ring of strength (right hand)
 W - the macabre finger necklace (around neck) {rN+, =g}
   (You found it on level 3 of the Elven Halls)

   [amulet of nothing]

   It enables you to equip an extra ring.
   rN:        It protects you from negative energy.
 X - the ring "Peiwnul" {+Blink rPois Will+}
   (You found it on level 4 of the Depths)

   [ring of poison resistance]

   rPois:     It protects you from poison.
   +Blink:    It lets you blink.
   Will:      It increases your willpower.
Wands
 h - a wand of light (23)
 i - a wand of iceblast (41)
 p - a wand of polymorph (11)
 u - a wand of flame (106)
 v - a wand of digging (7)
 G - a wand of paralysis (77)
Scrolls
 d - 4 scrolls of silence {!r}
 o - 11 scrolls of fear {!r}
 t - 9 scrolls of poison
 P - 2 scrolls of magic mapping {!r!d}
 Q - 9 scrolls of fog
 R - 9 scrolls of torment
 T - 4 scrolls of immolation {!d}
 Y - 10 scrolls of vulnerability
Potions
 f - 14 potions of might
 k - 11 potions of flight
 l - 9 potions of lignification {!d}
 B - 4 potions of ambrosia {!q!d}
 H - 5 potions of invisibility {!q!d}
 J - 9 potions of magic {!q!d}
 K - 12 potions of brilliance {!q!d}
 L - 3 potions of resistance {!q!d}
 N - 24 potions of curing {!q!d}
 U - 15 potions of mutation {!d}
 V - 3 potions of cancellation {!q!d}
Miscellaneous
 j - a phial of floods
 w - a box of beasts
 y - a phantom mirror
 E - a condenser vane (inert)
 Z - a lightning rod (4/4)


   Skills:
 - Level 20.0 Fighting
 + Level 24.4 Crossbows
 O Level 27 Armour
 - Level 7.0 Dodging
 - Level 6.1 Stealth
 - Level 23.0 Shields
 - Level 11.6 Spellcasting
 - Level 20.1 Hexes
 - Level 12.0 Invocations
 - Level 12.0 Evocations


You had 39 spell levels left.
You knew the following spells:

 Your Spells              Type           Power      Damage    Failure   Level
a - Enfeeble              Hex            32%        N/A       3%          7
b - Inner Flame           Hex/Fire       41%        N/A       1%          3

Your spell library contained the following spells:

 Spells                   Type           Power      Damage    Failure   Level
 Slow                     Hex            100%       N/A       0%          1
 Confusing Touch          Hex            65%        N/A       0%          3
 Tukima's Dance           Hex            65%        N/A       0%          3
 Ensorcelled Hibernation  Hex/Ice        82%        N/A       1%          2
 Dazzling Flash           Conj/Hex       82%        N/A       1%          3
 Portal Projectile        Hex/Tloc       82%        N/A       1%          3
 Anguish                  Hex/Necr       20%        N/A       2%          4
 Fulminant Prism          Conj/Hex       20%        3d13      2%          4
 Leda's Liquefaction      Hex/Erth       20%        N/A       2%          4
 Metabolic Englaciation   Hex/Ice        20%        N/A       7%          5
 Silence                  Hex/Air        20%        N/A       7%          5
 Yara's Violent Unravell  Hex/Tmut       20%        3d9       7%          5
 Beastly Appendage        Tmut           18%        N/A       16%         1
 Foxfire                  Conj/Fire      36%        2x1d5     16%         1
 Freeze                   Ice            36%        1d6       16%         1
 Magic Dart               Conj           36%        1d4       16%         1
 Necrotize                Necr           36%        1d5       16%         1
 Sandblast                Erth           18%        2d7       16%         1
 Shock                    Conj/Air       36%        1d5       16%         1
 Sting                    Tmut/Pois      36%        1d4       16%         1
 Call Imp                 Summ           9%         N/A       24%         2
 Passwall                 Tmut/Erth      7%         N/A       24%         2
 Poisonous Vapours        Pois/Air       18%        N/A       24%         2
 Scorch                   Fire           18%        2d6       24%         2
 Searing Ray              Conj           18%        2d5       24%         2
 Static Discharge         Conj/Air       9%         N/A       24%         2
 Sublimation of Blood     Necr           9%         N/A       24%         2
 Wereblood                Tmut           9%         N/A       24%         2
 Conjure Flame            Conj/Fire      9%         6-21      45%         3
 Frozen Ramparts          Ice            18%        1d3       45%         3
 Gell's Gravitas          Tloc           9%         N/A       45%         3
 Ignite Poison            Fire/Tmut/Pois 9%         N/A       45%         3
 Lesser Beckoning         Tloc           9%         N/A       45%         3
 Mephitic Cloud           Conj/Pois/Air  9%         N/A       45%         3
 Ozocubu's Armour         Ice            9%         N/A       45%         3
 Spider Form              Tmut/Pois      9%         N/A       45%         3
 Stone Arrow              Conj/Erth      18%        3d8       45%         3
 Teleport Other           Tloc           9%         N/A       45%         3
 Vampiric Draining        Necr           9%         2d6       45%         3
 Airstrike                Air            4%         N/A       86%         4
 Animate Armour           Summ/Erth      18%        N/A       86%         4
 Corpse Rot               Necr/Pois/Air  9%         N/A       86%         4
 Flame Wave               Conj/Fire      9%         2d5       86%         4
 Hailstorm                Conj/Ice       9%         3d4       86%         4
 Iskenderun's Mystic Bla  Conj/Tloc      9%         2d4       86%         4
 Olgreb's Toxic Radiance  Pois           9%         N/A       86%         4
 Passage of Golubria      Tloc           9%         N/A       86%         4
 Petrify                  Tmut/Erth      9%         N/A       86%         4
 Sticky Flame             Conj/Fire      9%         2d3       86%         4
 Summon Lightning Spire   Summ/Air       9%         N/A       86%         4
 Agony                    Necr           9%         N/A       99%         5
 Blade Hands              Tmut           4%         N/A       99%         5
 Borgnjor's Vile Clutch   Necr/Erth      4%         N/A       99%         5
 Fireball                 Conj/Fire      4%         3d4       99%         5
 Freezing Cloud           Conj/Ice/Air   4%         6-21      99%         5
 Irradiate                Conj/Tmut      4%         3d14      99%         5
 Iskenderun's Battlesphe  Conj           9%         2d6       99%         5
 Lee's Rapid Deconstruct  Erth           4%         3d6*      99%         5
 Lightning Bolt           Conj/Air       4%         1d16      99%         5
 Summon Forest            Summ/Tloc      4%         N/A       99%         5
 Dispersal                Tloc           4%         N/A       100%        6
 Eringya's Noxious Bog    Tmut/Pois      4%         N/A       100%        6
 Iron Shot                Conj/Erth      4%         9d2       100%        6
 Starburst                Conj/Fire      4%         6d4       100%        6
 Statue Form              Tmut/Erth      6%         N/A       100%        6
 Summon Cactus Giant      Summ           4%         N/A       100%        6
 Haunt                    Necr/Summ      4%         N/A       100%        7
 Malign Gateway           Summ/Tloc      4%         N/A       100%        7
 Ozocubu's Refrigeration  Ice            4%         4d5       100%        7
 Spellforged Servitor     Conj/Summ      4%         N/A       100%        7
 Summon Hydra             Summ           4%         N/A       100%        7
 Borgnjor's Revivificati  Necr           4%         N/A       100%        8
 Disjunction              Tloc           4%         N/A       100%        8
 Ignition                 Fire           4%         3d4       100%        8
 Lehudib's Crystal Spear  Conj/Erth      4%         10d3      100%        8
 Maxwell's Capacitive Co  Air            4%         ∞         100%        8
 Necromutation            Tmut/Necr      4%         N/A       100%        8
 Summon Horrible Things   Summ           4%         N/A       100%        8
 Death's Door             Necr           4%         N/A       100%        9
 Fire Storm               Conj/Fire      4%         8d1       100%        9
 Polar Vortex             Ice            4%         N/A       100%        9
 Swiftness                Air            Unusable   N/A       N/A         3

Dungeon Overview and Level Annotations

Branches:
Dungeon (15/15) Zot: 24193  Temple (1/1) D:7 Zot: 5947    Lair (6/6) D:8 Zot: 24454
 Shoals (4/4) Lair:4 Zot: 19888   Snake (4/4) Lair:4 Zot: 16961   Slime (1/5) Lair:5 Zot: 5998
    Orc (2/2) D:9 Zot: 9876     Elf (3/3) Orc:2 Zot: 13988  Vaults (5/5) D:14 Zot: 20586
  Crypt (3/3) Vaults:2 Zot: 14951    Tomb (0/3) Crypt:3      Depths (4/4) D:15 Zot: 17614
    Zot (5/5) Depths:4 Zot: 23419  Bailey (visited)           IceCv (visited)
Gauntlet (visited)

Altars:
Ashenzari
Elyvilon
Fedhas
Gozag
Hepliaklqana
Kikubaaqudgha
Makhleb
Nemelex Xobeh
Okawaru
Ru
Sif Muna
Trog
Xom
Yredelemnul
Zin
The Shining One
Beogh
Jiyva

Shops:
D:4 (   D:5 (   D:8 (   D:13 *   Orc:2 ([=*   Elf:1 :   Shoals:3 *   Snake:3 ?
Snake:4 =(   Vaults:3 [   Vaults:5 ?   Depths:1 :?(   Depths:2 =:=   Depths:4 *

Portals:
Hell: Depths:1 Depths:2 Depths:3 Depths:4
Abyss: Depths:2 Depths:3 Depths:4
Pandemonium: Depths:2
Ziggurat: Depths:4

Annotations:
D:5 1 runed translucent door, Crazy Yiuf
D:8 exclusion: centaur
D:11 3 runed translucent doors, exclusion: obsidian statue
Lair:2 exclusions: sensed monster (detected), swamp worm and 1 more exclusion
Lair:5 2 transporters, Dysowo's ghost, journeyman PaMo
Shoals:3 3 runed translucent doors, exclusion: 3 doors, Coargh's ghost, adept DjCj
Vaults:2 1 transporter
Depths:4 2 transporters


Innate Abilities, Weirdness & Mutations

Your life essence is reduced to manifest your ancestor. (-10% HP)
You cannot be hasted, slowed, berserked, paralysed or teleported.
You can dig through walls and to a lower floor.
You have a pair of large antennae on your head. (SInv)
Your four strong arms can wield two-handed weapons with a shield.
You are clumsy. (Dex -2)
You have an increased reservoir of magic. (+10% MP)
Your spells are a little easier to cast, but a little less powerful.
You occasionally lose the ability to drink potions when taking damage.
You have hidden genetic defects.


Message History

The fireball engulfs the orb of fire.
The orb of fire completely resists.
The fireball engulfs the orb of fire.
The orb of fire completely resists.
The fireball engulfs the orb of fire.
The orb of fire completely resists.
The fireball engulfs the orb of fire.
The orb of fire completely resists.
The golden dragon bites your curse toe!!
The golden dragon claws your curse toe but does no damage.
The golden dragon tramples your curse toe but does no damage.
The orb of fire glows deep purple.
The fireball explodes!
The fireball engulfs you! You resist.
* * * LOW HITPOINT WARNING * * *
The fireball engulfs the orb of fire.
The orb of fire completely resists.
The fireball engulfs the orb of fire.
The orb of fire completely resists.
The fireball engulfs the orb of fire.
The orb of fire completely resists.
The fireball engulfs the orb of fire.
The orb of fire completely resists.
Your deathcap is engulfed in freezing vapours.
Really quaff
M - a potion of heal wounds {!q!d}?
You feel much better.
The Killer Klown laughs merrily.
The Killer Klown blinks!
The orb of fire glows yellow.
The bolt of fire hits you! You resist.
* * * LOW HITPOINT WARNING * * *
The bolt of fire hits the orb of fire.
The orb of fire completely resists.
The Killer Klown is engulfed in freezing vapours.
The orb of fire glows bright magenta.
The bolt of fire hits you! You resist.
* * * LOW HITPOINT WARNING * * *
The golden dragon bites your curse toe! The golden dragon claws your curse toe!
The golden dragon tramples your curse toe.
Your curse toe is shoved backwards!
The orb of fire emits a lurid red light.
The fireball explodes!
The fireball engulfs the orb of fire.
The orb of fire completely resists.
The fireball engulfs the orb of fire.
The orb of fire completely resists.
The fireball engulfs you! You resist.
* * * LOW HITPOINT WARNING * * *
The fireball engulfs the orb of fire.
The orb of fire completely resists.
The fireball engulfs the orb of fire.
The orb of fire completely resists.
The orb of fire glows red.
The bolt of fire hits you! You resist.
You die...

......[.# ##.............^....**
.......## #........§§○.^......,*
.......# #...................,*
.......## #.................?.,*
........# #.....^..p..........,*
........## #..............?....,*
?........###.....*...*.........,*
#######...###..^**pzD..f......^**
##....##..@*X....f......#*
###......**..§§pf.....##
#▓▓▓▓▓▓▓▓▓▓▓##§...^▓▓
****,,,,,{{,.......▓*
***,,,,,,,{^,,........**
**,,,,,^,,,,,,,,^,,,,,,,** ******
*,,,,,,,,,,,,,,,,,,,,,^,,*
,,,,,***,,,,,,{,{,{,,,{{,,,,,,,,*
^,,,,,**,,,,,,,,,,,,,,,,,,,,,,^**


You could see 7 orbs of fire, 3 Killer Klowns, a tentacled monstrosity, a golden
dragon (ally target), a friendly curse toe (summoned), a friendly deathcap
(summoned) and 2 friendly wandering mushrooms.

Vanquished Creatures
  A dread lich (Zot:5)
  Mara (Shoals:4)
  A juggernaut (Depths:1)
  Parghit (Zot:3)
  2 caustic shrikes
  2 curse toes
  Vashnia (Snake:3)
  4 golden dragons
  A bone dragon (Abyss:2)
  An electric golem (Zot:1)
  6 tentacled monstrosities
  3 liches
  4 Orb Guardians (Zot:5)
  Asterion (Elf:3)
  Grunn (Depths:2)
  A deep elf master archer (Elf:3)
  A titan (Vaults:5)
  3 ancient champions
  3 quicksilver dragons
  A sphinx (Vaults:3)
  2 death cobs
  A tengu reaver (Depths:2)
  2 tentacled starspawn (Abyss:2)
  3 draconian monks (Zot:1)
  9 storm dragons
  2 shadow dragons
  3 nagarajas
  2 azure jellies (IceCv)
  3 draconian knights (Depths:4)
  Donald (Shoals:2)
  A revenant (Crypt:3)
  4 fire giants
  Louise (D:14)
  An iron dragon (Vaults:5)
  5 frost giants
  3 draconian scorchers
  A ghost moth (Zot:2)
  A cacodemon (Abyss:2)
  A ghoul (Crypt:3)
  4 deep elf sorcerers
  14 vault wardens
  A curse skull (Crypt:1)
  2 orc warlords
  2 spriggan defenders (Depths:4)
  2 draconian shifters
  5 ironbound thunderhulks
  A draconian stormcaller (Zot:1)
  A quicksilver ooze (IceCv)
  2 draconian annihilators
  8 very ugly things
  12 ironbound preservers
  6 stone giants
  3 vampire knights
  A reaper (Depths:2)
  3 green draconians (Zot:2)
  4 black draconians
  A white draconian (Zot:2)
  A deep elf demonologist (Elf:3)
  2 deep elf annihilators
  6 red draconians
  2 entropy weavers
  6 spark wasps
  4 purple draconians
  4 dire elephants
  2 yellow draconians
  2 jiangshi
  3 merfolk impalers (Shoals:4)
  3 merfolk javelineers (Shoals:4)
  3 eidola
  13 ettins
  4 deep elf death magi
  A mummy priest (Crypt:3)
  Snorg (Lair:5)
  5 fire dragons
  Josephine (Orc:2)
  A great orb of eyes (shapeshifter) (Vaults:4)
  3 deep elf high priests
  A great orb of eyes (Vaults:2)
  A spectral spriggan (Crypt:3)
  10 yaktaur captains
  3 salamander tyrants
  28 vault guards
  5 rakshasas
  3 ice dragons
  5 boulder beetles
  4 anacondas
  A spriggan air mage (Depths:4)
  2 ogre magi
  12 centaur warriors
  7 ironbound frosthearts
  An anaconda (shapeshifter) (Depths:1)
  A catoblepas (Lair:6)
  5 hydras
  A spectral stone giant (Crypt:3)
  3 two-headed ogres
  3 merfolk avatars
  2 satyrs
  20 dancing weapons
  2 death knights
  A satyr (shapeshifter) (Vaults:5)
  An alligator snapping turtle (Shoals:3)
  9 naga warriors
  7 tengu warriors
  7 deep troll earth magi
  6 death yaks
  6 vampire magi
  4 deep troll shamans
  6 spriggan berserkers
  8 deep elf knights
  2 shock serpents
  Sonja (D:13)
  8 naga sharpshooters
  2 orc high priests (Orc:2)
  4 skeletal warriors
  2 salamander mystics (Snake:3)
  11 shadow wraiths
  3 soul eaters
  4 iron trolls
  5 flayed ghosts
  A glowing orange brain (shapeshifter) (Depths:4)
  A glowing orange brain (Vaults:4)
  14 sea snakes
  An orange crystal statue (IceCv)
  44 deep trolls
  2 naga ritualists
  A bog body (Crypt:3)
  6 wizards
  22 phantasmal warriors
  10 deep elf archers
  11 ironbound convokers
  2 harpies
  7 lindwurms
  3 mana vipers
  A broodmother zombie (Crypt:3)
  13 orc knights
  An anaconda skeleton (Crypt:1)
  19 deep elf zephyrmancers
  2 orc sorcerers
  14 ugly things
  15 fauns
  4 necromancers
  A glowing shapeshifter (Vaults:5)
  28 deep elf pyromancers
  2 worldbinders (Abyss:2)
  12 salamanders
  28 slime creatures
  8 cyclopes
  15 manticores
  A black mamba (shapeshifter) (D:13)
  11 elephants
  14 moths of wrath
  2 torpor snails (Lair:4)
  17 naga magi
  11 vault sentinels
  26 black mambas
  3 merfolk sirens
  4 guardian serpents
  2 gargoyles
  A fire giant skeleton (Crypt:1)
  11 water nymphs
  A smoke demon (Abyss:2)
  A water nymph (shapeshifter) (Depths:3)
  7 cane toads
  A green draconian zombie (Crypt:3)
  3 komodo dragons
  A hellion (Zot:1)
  An orange demon (Abyss:2)
  5 freezing wraiths
  A kobold demonologist (Abyss:2)
  A tormentor (Depths:2)
  2 entropy weaver simulacra (IceCv)
  31 yaktaurs
  2 very ugly thing simulacra (IceCv)
  3 tengu conjurers
  A meliai (shapeshifter) (D:14)
  An ancient zyme (Abyss:2)
  7 guardian mummies
  A red draconian skeleton (Crypt:1)
  An ice devil (Depths:2)
  6 trolls
  A hellwing (Depths:2)
  A meliai (D:14)
  4 wind drakes
  A harpy zombie (Abyss:2)
  A large abomination (Abyss:2)
  A harpy skeleton (Crypt:2)
  16 merfolk
  2 hornets
  3 polar bears
  A tarantella (shapeshifter) (D:14)
  13 dream sheep
  An ice dragon zombie (Crypt:2)
  6 snapping turtles
  8 blink frogs
  3 raiju (Abyss:2)
  A raiju (shapeshifter) (D:14)
  An ettin zombie (Crypt:2)
  A centaur simulacrum (D:14)
  2 ettin skeletons (Crypt:2)
  14 shadows
  4 air elementals
  A fire dragon skeleton (Crypt:2)
  10 wraiths
  9 water elementals
  A fire bat (Abyss:2)
  2 steam dragons
  42 yaks
  5 basilisks
  5 fire elementals
  3 vampire mosquitoes (D:14)
  2 neqoxecs (Abyss:2)
  A yak (shapeshifter) (Depths:3)
  A redback (Vaults:3)
  29 nagas
  A warg (D:15)
  A harpy simulacrum (Crypt:2)
  An acid dragon (D:12)
  8 water moccasins
  A two-headed ogre zombie (Crypt:2)
  6 small abominations (Abyss:2)
  An ice beast (D:6)
  36 orc warriors
  A sky beast (D:7)
  An ice beast (shapeshifter) (Vaults:4)
  2 hornet zombies
  3 black bears
  4 ugly thing simulacra (IceCv)
  5 ogres
  2 boggarts (Vaults:3)
  6 wolves
  A blink frog skeleton (Crypt:2)
  A phantom (D:5)
  A rime drake zombie (Crypt:2)
  11 centaurs
  2 kobold brigands
  A wyvern zombie (D:8)
  14 bullfrogs
  A necrophage (D:6)
  3 earth elementals
  A gnoll sergeant (D:7)
  5 scorpions
  An elf skeleton (Crypt:3)
  8 wights
  11 killer bees
  5 howler monkeys
  9 electric eels
  A spriggan skeleton (Crypt:2)
  2 centaur zombies (D:8)
  3 jellies
  2 quasits (Abyss:2)
  12 hounds
  28 orc priests
  3 human zombies (Crypt:1)
  2 iguanas (D:5)
  16 orc wizards
  A hound skeleton (Crypt:3)
  2 mummies (Crypt:1)
  A howler monkey zombie (D:8)
  13 adders
  13 gnolls
  A river rat (Lair:3)
  3 ufetubi
  An adder zombie (Crypt:1)
  3 worms
  2 dart slugs (D:3)
  88 orcs
  6 endoplasms
  5 giant cockroaches
  13 goblins
  10 hobgoblins
  13 jackals
  4 quokkas
  7 ball pythons
  2 bats (D:1)
  4 frilled lizards
  A frilled lizard skeleton (Crypt:2)
  18 kobolds
  8 rats
  A lurking horror (Abyss:2)
  A plant (Shoals:4)
  A tentacle (Shoals:1)
1550 creatures vanquished.

Vanquished Creatures (collateral kills)
  2 dread liches
  2 orbs of fire
  A juggernaut (Depths:4)
  Boris (twice) (Crypt:3 Vaults:5)
  Bai Suzhen (Vaults:3)
  Xtahua (Vaults:3)
  3 caustic shrikes (Depths:1)
  A curse toe (Zot:3)
  A golden dragon (Zot:2)
  2 bone dragons
  A Tzitzimitl (Depths:1)
  Nikola (Elf:1)
  2 electric golems (Zot:3)
  2 doom hounds (Depths:2)
  7 tentacled monstrosities
  6 Orb Guardians (Zot:5)
  5 liches
  5 titans (Vaults:5)
  A walking frostbound tome (Depths:4)
  A deep elf blademaster (Elf:3)
  A deep elf master archer (Elf:3)
  3 ancient champions
  2 quicksilver dragons (Zot:2)
  Agnes (Elf:2)
  2 krakens
  2 shadow dragons
  A tengu reaver (Vaults:5)
  7 storm dragons
  2 draconian monks (Zot:1)
  3 fire giants
  An azure jelly (IceCv)
  2 nagarajas (Snake:4)
  A rockslime (IceCv)
  A revenant (Crypt:3)
  7 frost giants
  3 draconian knights
  4 deep elf sorcerers
  A balrug (Depths:2)
  Aizul (Snake:2)
  A ghost moth (Zot:4)
  A draconian stormcaller (Zot:1)
  8 vault wardens
  A very ugly thing (shapeshifter) (Depths:4)
  3 deep elf elementalists (Elf:3)
  6 draconian scorchers
  A curse skull (Crypt:3)
  2 draconian shifters
  11 ironbound preservers
  4 ironbound thunderhulks
  7 very ugly things
  4 green draconians
  2 quicksilver oozes (IceCv)
  2 draconian annihilators (Zot:1)
  9 stone giants
  2 deep elf demonologists
  3 demonspawn black suns (Zot:1)
  5 vampire knights
  2 purple draconians
  5 deep elf annihilators
  A black draconian (Zot:2)
  An entropy weaver (Vaults:3)
  4 white draconians
  2 dire elephants (Vaults:1)
  4 red draconians
  5 yellow draconians
  4 spark wasps
  7 deep elf death magi
  6 fire dragons
  3 eidola
  6 jiangshi
  4 yaktaur captains
  5 merfolk impalers
  5 deep elf high priests
  4 ettins
  3 ice dragons
  6 rakshasas
  A spriggan zombie (Crypt:1)
  A quicksilver dragon skeleton (Depths:1)
  An ogre mage (Vaults:5)
  4 hydras
  A great orb of eyes (Vaults:1)
  2 ironbound frosthearts
  A salamander tyrant (Snake:4)
  A spriggan air mage (Depths:1)
  2 centaur warriors
  12 vault guards
  4 merfolk aquamancers
  A catoblepas (Lair:6)
  A two-headed ogre (D:15)
  4 anacondas
  2 merfolk avatars
  A satyr (Shoals:3)
  4 deep troll shamans
  6 naga warriors
  2 alligator snapping turtles (Shoals:4)
  5 vampire magi
  5 death yaks (Lair:6)
  4 tengu warriors
  3 deep troll earth magi
  13 dancing weapons
  12 deep elf knights
  Urug (Lair:4)
  3 hell knights
  A shock serpent (Snake:1)
  8 naga sharpshooters
  4 iron trolls
  5 shadow wraiths (Crypt:3)
  A fire crab (shapeshifter) (D:14)
  3 salamander mystics
  11 skeletal warriors
  Nergalle (Orc:2)
  4 sea snakes
  An orange crystal statue (IceCv)
  26 deep trolls
  A sixfirhy (Abyss:2)
  A glowing orange brain (Depths:4)
  7 naga ritualists
  8 deep elf archers
  10 deep elf zephyrmancers
  4 ironbound convokers
  A spriggan simulacrum (Abyss:2)
  2 bog bodies (Crypt:3)
  8 harpies (Shoals:3)
  2 wizards (Vaults:4)
  4 orc knights
  5 phantasmal warriors
  2 necromancers
  6 lindwurms
  11 deep elf pyromancers
  5 mana vipers
  8 ugly things
  10 fauns
  3 orc sorcerers
  A shining eye (shapeshifter) (Depths:2)
  7 moths of wrath
  5 cyclopes
  3 merfolk sirens
  An eleionoma skeleton (Crypt:1)
  4 manticores
  5 elephants
  7 guardian serpents
  3 water nymphs
  5 vault sentinels
  A titan simulacrum (Depths:1)
  9 black mambas
  7 naga magi
  A cane toad (shapeshifter) (Depths:1)
  5 cane toads
  A hellion (Zot:1)
  A rime drake (Lair:2)
  4 freezing wraiths
  5 komodo dragons
  A bunyip simulacrum (Crypt:1)
  A tormentor (Depths:2)
  9 yaktaurs
  An ice devil (Depths:2)
  An ancient zyme (Abyss:2)
  An entropy weaver simulacrum (IceCv)
  A minotaur skeleton (Crypt:1)
  A spriggan skeleton (Depths:1)
  A moth of wrath zombie (Crypt:3)
  19 slime creatures
  2 hornets
  12 merfolk
  A great orb of eyes zombie (Crypt:3)
  2 raiju (Abyss:2)
  2 wind drakes
  A harpy skeleton (Crypt:1)
  3 blink frogs
  4 dream sheep (Lair:6)
  A centaur simulacrum (D:14)
  6 snapping turtles
  9 flying skulls (Crypt:3)
  A shadow (Crypt:3)
  3 wyverns
  4 wraiths
  An air elemental (Elf:2)
  8 water elementals
  24 yaks
  A basilisk (Lair:3)
  A neqoxec (Abyss:2)
  2 redbacks (Vaults:3)
  A vampire mosquito (D:14)
  A chaos spawn (Depths:2)
  13 nagas
  2 demonic crawler simulacra (IceCv)
  2 wargs (Orc:2)
  8 water moccasins
  A water nymph skeleton (Crypt:1)
  13 orc warriors
  An ugly thing simulacrum (IceCv)
  A centaur (Lair:4)
  6 wolves
  A vine stalker zombie (Crypt:3)
  4 bullfrogs
  An earth elemental (Elf:1)
  A gnoll sergeant (D:11)
  5 wights
  5 killer bees
  An electric eel (D:8)
  5 centaur zombies
  A quasit (Abyss:2)
  A human zombie (Crypt:1)
  6 orc priests
  A human skeleton (Crypt:1)
  12 orc wizards
  A boggart skeleton (Crypt:1)
  An acid dragon zombie (Crypt:2)
  2 mummies (Crypt:1)
  A gnoll (D:11)
  11 orcs
  2 kobolds (D:8)
  3 butterflies
  3 tentacles
817 creatures vanquished.

Vanquished Creatures (others)
  A deep elf master archer (Elf:3)
  A draconian annihilator (Zot:1)
  2 stone giants (Depths:2)
  2 yaktaur captains
  2 centaur warriors (Vaults:1)
  5 naga sharpshooters (Snake:4)
  A deep elf knight (Elf:2)
  2 fauns
  3 moths of wrath
  A naga mage (Snake:3)
  A vault sentinel (Vaults:3)
  3 yaktaurs
  A naga (Snake:1)
  2 orc warriors
  A boggart (Vaults:3)
  A centaur (Shoals:3)
  22 knights
  7 ancestors
  An orc wizard (D:3)
  41 fungi
  233 plants
  4 starspawn tentacles (Abyss:2)
  5 tentacles
  4 withered plants (D:8)
346 creatures vanquished.

Grand Total: 2713 creatures vanquished

Notes
Turn   | Place    | Note
-------+----------+-------------------------------------------
     0 | D:1      | buhh the Formicid Hunter began the quest for the Orb.
     0 | D:1      | Reached XP level 1. HP: 16/16 MP: 1/1
    40 | D:1      | Reached XP level 2. HP: 23/23 MP: 2/2
   305 | D:1      | Reached XP level 3. HP: 21/28 MP: 3/3
   950 | D:2      | Reached XP level 4. HP: 29/35 MP: 4/4
  1031 | D:2      | Found a sparkling altar of Nemelex Xobeh.
  1550 | D:3      | Found a faded altar of an unknown god.
  1709 | D:3      | Reached XP level 5. HP: 41/41 MP: 5/5
  1759 | D:3      | You fall into a shaft and drop 1 floor!
  2027 | D:4      | Reached XP level 6. HP: 42/48 MP: 6/6
  2453 | D:4      | Reached XP level 7. HP: 41/55 MP: 7/7
  2992 | D:4      | Found Saucw's Antique Weapon Emporium.
  3483 | D:5      | Entered Level 5 of the Dungeon
  3605 | D:5      | Reached XP level 8. HP: 56/64 MP: 8/8
  3753 | D:5      | Found Raumo's Weapon Shop.
  4294 | D:5      | Found a runed translucent door.
  4295 | D:5      | Noticed Crazy Yiuf
  6439 | D:5      | Reached XP level 9. HP: 56/72 MP: 9/9
  7846 | D:7      | Found a staircase to the Ecumenical Temple.
  7851 | Temple   | Entered the Ecumenical Temple
  7879 | Temple   | Became a worshipper of Hepliaklqana the Forgotten
  8182 | D:8      | Found a flagged portal.
  8215 | Bailey   | Entered a bailey
  8675 | Bailey   | Noticed an orc knight
  8691 | Bailey   | Killed an orc knight
  8692 | Bailey   | Reached XP level 10. HP: 85/85 MP: 10/10
  8929 | Bailey   | Noticed an orc knight
  9025 | Bailey   | Reached skill level 11 in Evocations
  9025 | Bailey   | Reached XP level 11. HP: 90/90 MP: 11/11
  9026 | Bailey   | Reached skill level 11 in Crossbows
  9026 | Bailey   | Reached skill level 5 in Armour
  9026 | Bailey   | Reached XP level 12. HP: 97/97 MP: 12/12
 10906 | D:9      | Reached * piety under Hepliaklqana
 11116 | D:9      | Found a staircase to the Orcish Mines.
 11340 | D:8      | Reached skill level 6 in Armour
 12601 | D:8      | Found Samonof's Weapon Emporium.
 12723 | D:8      | Found a staircase to the Lair.
 13699 | D:10     | Entered Level 10 of the Dungeon
 13753 | D:10     | Found a shimmering altar of Xom.
 13924 | D:10     | Reached skill level 7 in Armour
 14587 | D:10     | Reached skill level 11 in Fighting
 14587 | D:10     | Reached XP level 13. HP: 95/95 MP: 15/15
 14891 | D:11     | Reached ** piety under Hepliaklqana
 14892 | D:11     | Remembered your ancestor Dalinar as a knight
 14937 | D:11     | Found a runed translucent door.
 14950 | D:11     | Found a runed translucent door.
 14987 | D:11     | Found a runed translucent door.
 15099 | Lair:1   | Entered Level 1 of the Lair of Beasts
 15218 | Lair:1   | Found a gate leading to a gauntlet.
 15255 | Lair:1   | Reached skill level 8 in Armour
 15340 | Gauntlet | Entered a Gauntlet
 15340 | Gauntlet | Noticed a catoblepas
 15340 | Gauntlet | Found a transporter.
 15340 | Gauntlet | Found a transporter.
 15340 | Gauntlet | Found a transporter.
 15343 | Gauntlet | Noticed a catoblepas
 15352 | Gauntlet | Found a transporter.
 15355 | Gauntlet | Found a transporter.
 15364 | Gauntlet | Found a transporter.
 15366 | Gauntlet | Found a transporter.
 15377 | Gauntlet | Found a transporter.
 15392 | Gauntlet | Found a transporter.
 15409 | Gauntlet | Found a transporter.
 15412 | Gauntlet | Found a transporter.
 15422 | Gauntlet | Found a transporter.
 15789 | Lair:1   | Reached *** piety under Hepliaklqana
 15865 | Lair:1   | Noticed a four-headed hydra
 15871 | Lair:1   | Killed a four-headed hydra
 16538 | Lair:2   | Noticed an eight-headed hydra
 16551 | Lair:2   | Killed an eight-headed hydra
 18100 | Lair:4   | Found a staircase to the Shoals.
 18155 | Lair:4   | Reached **** piety under Hepliaklqana
 18262 | Lair:4   | Noticed a four-headed hydra
 18269 | Lair:4   | Killed a four-headed hydra
 18282 | Lair:4   | Reached XP level 14. HP: 104/104 MP: 20/20
 18554 | Lair:4   | Noticed Urug
 18572 | Lair:4   | Killed Urug
 18719 | Lair:4   | Found a staircase to the Snake Pit.
 19740 | Lair:5   | Noticed Snorg
 19749 | Lair:5   | Killed Snorg
 19782 | Lair:5   | Found a staircase to the Slime Pits.
 19783 | Lair:5   | Found a viscous altar of Jiyva.
 19860 | Lair:5   | Found a transporter.
 19862 | Lair:5   | Found a transporter.
 19909 | Lair:5   | Found a bloodstained altar of Trog.
 19909 | Lair:5   | Noticed Dysowo's ghost (journeyman PaMo)
 20358 | Lair:6   | Entered Level 6 of the Lair of Beasts
 20833 | Lair:6   | Reached skill level 15 in Crossbows
 20991 | Lair:6   | Reached XP level 15. HP: 110/110 MP: 21/21
 21624 | Lair:6   | Reached skill level 15 in Fighting
 22080 | D:11     | Found a runed translucent door.
 22360 | D:12     | Identified a scroll of acquirement
 22367 | D:12     | Acquired a manual of Fighting
 22523 | D:12     | You fall into a shaft and drop 2 floors!
 22669 | D:14     | Found a frozen archway.
 22669 | D:14     | Noticed a white very ugly thing
 22684 | D:14     | Killed a red very ugly thing
 22693 | D:14     | Reached XP level 16. HP: 121/126 MP: 20/22
 22740 | IceCv    | Entered an ice cave
 22859 | IceCv    | Reached skill level 18 in Fighting
 22907 | IceCv    | Noticed an azure jelly
 23128 | IceCv    | Identified the +9 ice dragon scales of Wicang {rF- rC++
                  | Str+4}
 23446 | IceCv    | Noticed a rockslime
 23451 | IceCv    | Killed a rockslime
 23454 | IceCv    | Found a viscous altar of Jiyva.
 23454 | IceCv    | Noticed an azure jelly
 23464 | IceCv    | Killed an azure jelly
 23467 | IceCv    | Noticed an azure jelly
 23467 | IceCv    | Noticed an azure jelly
 23474 | IceCv    | Killed an azure jelly
 23475 | IceCv    | Killed an azure jelly
 23744 | IceCv    | Got Aplo's Compendium of Snow
 23932 | D:14     | Noticed Louise
 23943 | D:14     | Killed Louise
 24037 | D:14     | Reached skill level 9 in Armour
 24147 | D:13     | Reached ***** piety under Hepliaklqana
 24450 | D:13     | Reached skill level 10 in Armour
 24510 | D:13     | Noticed Sonja
 24512 | D:13     | Killed Sonja
 24618 | D:13     | Found Taubuoss's Overcharged Wands.
 24626 | D:13     | Bought a wand of paralysis (18) for 300 gold pieces
 24626 | D:13     | Bought a wand of paralysis (18) for 300 gold pieces
 24626 | D:13     | Bought a wand of light (18) for 660 gold pieces
 25436 | Orc:1    | Entered Level 1 of the Orcish Mines
 25674 | Orc:1    | Reached skill level 11 in Armour
 26340 | Orc:2    | Entered Level 2 of the Orcish Mines
 26588 | Orc:2    | Noticed Josephine
 26591 | Orc:2    | Killed Josephine
 26627 | Orc:2    | Reached XP level 17. HP: 139/139 MP: 23/23
 26853 | Orc:2    | Noticed Nergalle
 26907 | Orc:2    | Killed Nergalle
 27172 | Orc:2    | Found Naifonan's Antique Weapon Shoppe.
 27177 | Orc:2    | Found Xudeer's Antique Armour Shoppe.
 27390 | Orc:2    | Found a staircase to the Elven Halls.
 27403 | Orc:2    | Reached skill level 12 in Armour
 27452 | Orc:2    | Found Tocov's General Store.
 27458 | Orc:2    | Bought a scroll of magic mapping for 45 gold pieces
 27458 | Orc:2    | Bought a scroll of enchant weapon for 97 gold pieces
 27458 | Orc:2    | Bought a wand of paralysis (6) for 104 gold pieces
 27468 | Orc:2    | Found Woceing's Jewellery Shoppe.
 27475 | Orc:2    | Bought the ring of Ifutas {rF+ rC++ Str+2 SInv} for 557
                  | gold pieces
 28190 | D:14     | Got Buffaif's Collected Works on Quantum Evil Arts
 28203 | D:14     | Identified the ring of Xom's Full Attention {Fly Dex+4}
 28227 | D:14     | Identified the ring of Cynicism {rC+ rN+}
 28468 | D:14     | Found a gate to the Vaults.
 28683 | D:15     | Entered Level 15 of the Dungeon
 29413 | Snake:1  | Entered Level 1 of the Snake Pit
 29416 | Snake:1  | Reached skill level 13 in Armour
 30590 | Snake:2  | Reached skill level 14 in Armour
 30630 | Snake:2  | Noticed Aizul
 30640 | Snake:2  | Killed Aizul
 30901 | Snake:2  | Reached XP level 18. HP: 103/145 MP: 24/24
 31759 | Snake:2  | Reached skill level 15 in Armour
 32700 | Snake:3  | Noticed Vashnia
 32716 | Snake:3  | Killed Vashnia
 32717 | Snake:3  | Reached skill level 16 in Armour
 33406 | Snake:3  | Reached skill level 17 in Armour
 33569 | Snake:4  | Entered Level 4 of the Snake Pit
 33683 | Snake:4  | Found Caladgh's Jewellery Boutique.
 33700 | Snake:4  | Found Hunekh's Antique Weapon Shop.
 34160 | Snake:3  | Reached skill level 18 in Armour
 34492 | Snake:3  | Found Valeiquk's Magic Scroll Shop.
 35148 | Snake:4  | Reached XP level 19. HP: 127/152 MP: 25/25
 35307 | Snake:4  | Reached skill level 19 in Armour
 35608 | Snake:4  | Got a serpentine rune of Zot
 35935 | Shoals:1 | Entered Level 1 of the Shoals
 36167 | Shoals:1 | Reached skill level 20 in Armour
 36390 | Shoals:1 | Reached skill level 11 in Shields
 36778 | Shoals:2 | Noticed Donald
 36794 | Shoals:2 | Killed Donald
 37637 | Shoals:3 | Found Uplewon's General Store.
 37649 | Shoals:3 | Bought a scroll of brand weapon for 300 gold pieces
 37649 | Shoals:3 | Bought a scroll of enchant armour for 112 gold pieces
 37698 | Shoals:3 | Found a runed translucent gate.
 37700 | Shoals:3 | Found a runed translucent gate.
 37701 | Shoals:3 | Found a runed translucent gate.
 37702 | Shoals:3 | Noticed Coargh's ghost (adept DjCj)
 37817 | Shoals:3 | Reached XP level 20. HP: 158/158 MP: 26/26
 37853 | Shoals:3 | Reached skill level 15 in Shields
 38220 | Shoals:4 | Entered Level 4 of the Shoals
 38361 | Shoals:4 | Noticed Mara
 38372 | Shoals:4 | Killed Mara
 38698 | Snake:3  | Bought a scroll of acquirement for 728 gold pieces
 39048 | Vaults:1 | Entered Level 1 of the Vaults
 39511 | Vaults:1 | Identified the +0 pair of boots of Plasticity {Int+6
                  | Slay+2}
 39676 | Vaults:1 | Reached skill level 18 in Shields
 40881 | Vaults:2 | Reached XP level 21. HP: 149/164 MP: 27/27
 41433 | Vaults:2 | Reached ****** piety under Hepliaklqana
 41595 | Vaults:2 | Found a transporter.
 42054 | Vaults:2 | Found a staircase to the Crypt.
 42220 | Vaults:3 | Noticed Xtahua
 42231 | Vaults:3 | Noticed Bai Suzhen
 42231 | Vaults:3 | Killed Xtahua
 42239 | Vaults:3 | Killed Bai Suzhen
 42756 | Vaults:3 | Reached skill level 11 in Invocations
 43548 | Vaults:3 | Found Seerhoosch's Armour Boutique.
 43604 | Vaults:3 | Reached skill level 11 in Hexes
 44101 | Vaults:4 | Reached XP level 22. HP: 171/171 MP: 31/31
 44985 | Vaults:4 | Reached skill level 15 in Hexes
 45557 | Vaults:3 | RBrandon: Respectable muscles
 45987 | Lair:4   | Learned a level 7 spell: Enfeeble
 46088 | Shoals:4 | Identified the +8 hand crossbow "Ukirocha" {freeze, rPois
                  | rC- Stlth+}
 46540 | Shoals:4 | Got a barnacled rune of Zot
 46692 | Shoals:4 | Got the Papyrus of the Volcanoes and Battle Magic
 46812 | Shoals:4 | buhh: lol
 47376 | Slime:1  | Entered Level 1 of the Pits of Slime
 47684 | D:15     | Reached XP level 23. HP: 176/176 MP: 32/32
 47758 | D:15     | Found a staircase to the Depths.
 48373 | Depths:1 | Entered Level 1 of the Depths
 48973 | Depths:1 | Noticed a caustic shrike
 48973 | Depths:1 | Noticed a caustic shrike
 48974 | Depths:1 | Noticed a caustic shrike
 48976 | Depths:1 | Noticed a caustic shrike
 48977 | Depths:1 | Killed a caustic shrike
 48979 | Depths:1 | Killed a caustic shrike
 48982 | Depths:1 | Killed a caustic shrike
 48983 | Depths:1 | Reached skill level 18 in Crossbows
 48984 | Depths:1 | Killed a caustic shrike
 49062 | Depths:1 | Found a gateway to Hell.
 49136 | Depths:1 | Found Docathos's Antique Weapon Shoppe.
 49138 | Depths:1 | Found Roriac's Magic Scroll Emporium.
 49140 | Depths:1 | Found Jedoneuh's Book Shoppe.
 49146 | Depths:1 | Bought a scroll of fear for 45 gold pieces
 49146 | Depths:1 | Bought a scroll of brand weapon for 260 gold pieces
 49252 | Depths:1 | Noticed a juggernaut
 49258 | Depths:1 | Killed a juggernaut
 49649 | Depths:2 | Found a one-way gate to the infinite horrors of the Abyss.
 49690 | Depths:2 | Reached skill level 18 in Hexes
 49905 | Depths:2 | Identified the +1 hand crossbow of Yredelemnul, Conjuring
                  | {elec, rC+ rCorr Str+3 Int-5}
 50069 | Depths:2 | Found a broken altar of Ashenzari.
 50211 | Depths:2 | Found Onlonis's Jewellery Boutique.
 50211 | Depths:2 | Found Xasam's Book Emporium.
 50212 | Depths:2 | Found Rotytiwk's Jewellery Boutique.
 50481 | Depths:2 | Noticed Grunn
 50485 | Depths:2 | You fall into a shaft and drop 2 floors!
 50485 | Depths:4 | Entered Level 4 of the Depths
 50494 | Depths:4 | Reached XP level 24. HP: 62/183 MP: 26/32
 50908 | Depths:4 | Noticed a golden dragon
 50919 | Depths:4 | Killed a golden dragon
 51847 | Elf:1    | Entered Level 1 of the Elven Halls
 53156 | Snake:4  | Acquired the +9 plate armour of the Gastropod {rElec rN+
                  | Regen+}
 53976 | Elf:1    | Noticed Nikola
 53981 | Elf:1    | Killed Nikola
 54011 | Elf:1    | Found Arep's Book Shoppe.
 54368 | Elf:1    | Identified the +3 shortbow of Instinct {speed, Dex+4}
 54702 | Elf:2    | Found a huge runed translucent gate.
 54702 | Elf:2    | Found a huge runed translucent gate.
 54702 | Elf:2    | Found a huge runed translucent gate.
 54702 | Elf:2    | Found a huge runed translucent gate.
 54703 | Elf:2    | Found a huge runed translucent gate.
 54969 | Elf:3    | Entered Level 3 of the Elven Halls
 55118 | Elf:3    | Noticed Asterion
 55126 | Elf:3    | Killed Asterion
 55306 | Elf:3    | Reached skill level 21 in Armour
 55717 | Abyss:2  | Cast into level 2 of the Abyss (a deep elf sorcerer)
 56004 | Abyss:2  | Gained mutation: Your body sometimes deteriorates upon
                  | taking damage. [a cacodemon]
 56079 | Abyss:2  | Reached XP level 25. HP: 189/189 MP: 32/32
 56143 | Abyss:2  | Gained mutation: Your magical capacity is low. (-10% MP) [a
                  | neqoxec]
 56192 | Elf:3    | Escaped the Abyss
 56340 | Elf:3    | Identified the ring "Jim Koekk" {rElec rN+ rCorr}
 56459 | Elf:3    | Identified the +0 plate armour "Aghax" {rCorr}
 56467 | Elf:3    | Identified the +6 plate armour "Jytutus" {rCorr Int-3
                  | Dex+4}
 56485 | Elf:3    | Found the macabre finger necklace {rN+}
 56559 | Elf:3    | Identified the +8 glaive "Mepnuif" {flame, rF+ rCorr Str+2
                  | Dex-4}
 56649 | Elf:3    | Identified the ring of Vuolea {rPois Str+4 Int+4 Dex-5}
 56669 | Elf:3    | Identified the +4 ring mail of the Immovable Stories {Int+3
                  | Dex+2}
 56728 | Elf:3    | Identified the +5 shortbow "Bokamm" {vorpal, rElec rC- rN+
                  | rCorr}
 57023 | Elf:2    | Noticed Agnes
 57032 | Elf:2    | Killed Agnes
 57688 | Crypt:1  | Entered Level 1 of the Crypt
 58473 | Crypt:1  | Reached skill level 22 in Armour
 59055 | Crypt:2  | Reached skill level 11 in Spellcasting
 59110 | Crypt:2  | Lost mutation: Your body sometimes deteriorates upon taking
                  | damage. [potion of mutation]
 59110 | Crypt:2  | Lost mutation: Your magical capacity is low. (-10% MP)
                  | [potion of mutation]
 59110 | Crypt:2  | Gained mutation: You have an increased reservoir of magic.
                  | (+10% MP) [potion of mutation]
 59291 | Crypt:3  | Entered Level 3 of the Crypt
 59491 | Crypt:3  | Reached XP level 26. HP: 196/196 MP: 42/42
 59559 | Crypt:3  | Found a basalt altar of Yredelemnul.
 59677 | Crypt:3  | Reached skill level 23 in Armour
 59681 | Crypt:3  | Learned a level 3 spell: Inner Flame
 59910 | Crypt:3  | Identified the +5 scimitar "Joloec" {vamp, Dex+3}
 60104 | Crypt:3  | Got the Catalogue of Necromancy
 60278 | Crypt:3  | Found a staircase to the Tomb.
 60361 | Crypt:3  | Found a glowing golden altar of the Shining One.
 60362 | Crypt:3  | Noticed Boris
 60369 | Crypt:3  | Killed Boris
 60383 | Crypt:3  | Found a burning altar of Makhleb.
 60746 | Vaults:5 | Entered Level 5 of the Vaults
 60754 | Vaults:5 | Reached skill level 24 in Armour
 60760 | Vaults:5 | Noticed a dread lich
 61238 | Vaults:4 | Killed a dread lich
 61395 | Vaults:5 | Reached skill level 25 in Armour
 61458 | Vaults:5 | Identified the +0 robe "Vemiyg" {+Inv Dex-2 SInv}
 61595 | Vaults:5 | Noticed Boris
 61603 | Vaults:5 | Killed Boris
 61922 | Vaults:5 | Reached XP level 27. HP: 201/201 MP: 42/42
 62214 | Vaults:5 | Reached skill level 26 in Armour
 62243 | Vaults:5 | Got the Tome of Battle Magic
 62357 | Vaults:5 | Found Ugaeqop's Magic Scroll Boutique.
 62364 | Vaults:5 | Bought a scroll of summoning for 152 gold pieces
 62364 | Vaults:5 | Bought a scroll of immolation for 56 gold pieces
 62541 | Vaults:5 | Got a silver rune of Zot
 63169 | Depths:2 | Killed Grunn
 63356 | Depths:2 | Found a one-way gate leading to the halls of Pandemonium.
 64280 | Depths:3 | Reached skill level 27 in Armour
 64792 | Depths:4 | Identified the ring of Immorality {Dex+5 SInv}
 64829 | Depths:4 | Acquired the +2 pair of gloves "Doly" {Int+3}
 64875 | Depths:4 | Noticed a juggernaut
 64878 | Depths:4 | Killed a juggernaut
 64879 | Depths:4 | Reached skill level 22 in Shields
 64920 | Depths:4 | Found a gate to the Realm of Zot.
 64988 | Depths:4 | Identified the ring of Syndicalism {rC+ Will+ Int+3 Dex+4}
 65068 | Depths:4 | Found a transporter.
 65102 | Depths:4 | Found a transporter.
 65132 | Depths:4 | Found Vapewih's Assorted Antiques.
 65143 | Depths:4 | Bought a potion of heal wounds for 215 gold pieces
 65143 | Depths:4 | Bought a scroll of enchant armour for 322 gold pieces
 65144 | Depths:4 | Bought a faintly humming cloak for 408 gold pieces
 65144 | Depths:4 | Identified the +0 cloak "Lienny Unoe" {SInv} (You bought it
                  | in a shop on level 4 of the Depths)
 65227 | Depths:4 | Acquired a +2 triple crossbow of flaming
 65242 | Depths:4 | Found a one-way gateway to a ziggurat.
 65327 | Depths:4 | Identified the ring "Peiwnul" {+Blink rPois Will+}
 65569 | Zot:1    | Entered Level 1 of the Realm of Zot
 66364 | Zot:1    | You fall into a shaft and drop 1 floor!
 66623 | Zot:1    | Noticed an orb of fire
 66635 | Zot:1    | Killed an orb of fire
 66717 | Zot:1    | Identified the +5 hand axe "Mud Pie of Death" {drain,
                  | Dex+4}
 66718 | Zot:1    | Got the Handbook of The Black Sun
 67553 | Zot:2    | Identified the +7 halberd of the Moon {venom, Fly rElec rF+
                  | Str-3}
 67904 | Zot:2    | Reached skill level 22 in Crossbows
 68536 | Zot:3    | Noticed Parghit
 68548 | Zot:3    | Killed Parghit
 70883 | Zot:5    | Entered Level 5 of the Realm of Zot
 70914 | Zot:5    | Noticed an orb of fire
 70918 | Zot:5    | Killed an orb of fire
 71766 | Zot:5    | Noticed a dread lich
 71773 | Zot:5    | Killed a dread lich
 71803 | Zot:5    | Noticed a dread lich
 71808 | Zot:5    | Killed a dread lich
 72108 | Zot:5    | Noticed an orb of fire
 72116 | Zot:5    | Noticed a Killer Klown
 72118 | Zot:5    | Noticed an orb of fire
 72118 | Zot:5    | Noticed an orb of fire
 72119 | Zot:5    | Noticed an orb of fire
 72120 | Zot:5    | Noticed a Killer Klown
 72122 | Zot:5    | Noticed an orb of fire
 72122 | Zot:5    | Noticed an orb of fire
 72124 | Zot:5    | Noticed an orb of fire
 72125 | Zot:5    | Noticed a Killer Klown
 72125 | Zot:5    | HP: 4/201 [orb of fire/fireball (9)]
 72128 | Zot:5    | Gained mutation: Your spells are a little easier to cast,
                  | but a little less powerful. [an orb of fire]
 72130 | Zot:5    | Gained mutation: You have hidden genetic defects. [an orb
                  | of fire]
 72131 | Zot:5    | Gained mutation: You are clumsy. (Dex -2) [an orb of fire]
 72134 | Zot:5    | Gained mutation: You occasionally lose the ability to drink
                  | potions when taking damage. [an orb of fire]
 72137 | Zot:5    | HP: 10/201 [orb of fire/fireball (17)]
 72137 | Zot:5    | Killed from afar by an orb of fire

Illustrated notes

Levels and vault maps discovered:
D:1:      dpeg_arrival_morbid_curiosity, layout_rooms, minmay_tetromino_s2
D:2:      layout_basic, basic_altar, minivault_14, bh_walls_and_bars
D:3:      layout_basic, ebering_ecumenical_altar_mist
D:4:      layout_basic, serial_shops, nicolae_shop_window_shopping
D:5:      layout_rooms, serial_shops, nicolae_shop_bloodbath_and_beyond,
          chequers_serial_rivers_micro_c, columned_hall_lemuel,
          kennysheep_generic_room_7, uniq_crazy_yiuf_cottage
D:6:      layout_gridville
D:7:      layout_gridville, minmay_temple_entry_wispy, minmay_misc_feat_iff,
          minmay_misc_feat_roman
D:8:      layout_loops_ring, erik_lair_island, serial_undead, serial_undead_f,
          serial_undead_c, serial_undead_c, serial_undead_a, enter_bailey_5,
          nicolae_wooded_promenade, minmay_fractal_squares_gapless_5
D:9:      layout_loops_ring, orc_0_dummy
D:10:     layout_basic, xom_butterflies
D:11:     layout_cave_pools, minmay_statue_crystal_thing
D:12:     layout_loops_ring
D:13:     layout_irregular_city, nicolae_shop_overcharged_wands, uniq_sonja
D:14:     minmay_the_grid_octo_tiled_octocenter_mashed
          [minmay_the_grid_octo_chip, minmay_the_grid_octo_tetromino_candy,
          minmay_the_grid_octo_concentric, minmay_the_grid_octo_checkered,
          minmay_the_grid_octo_prize_single_spiral,
          minmay_the_grid_square_5x5_lines, minmay_the_grid_square_5x5_minimal,
          minmay_the_grid_square_5x5_minivault, minmay_the_grid_square_5x5_two],
          layout_basic, serial_bayou_pond_c, portal_ice_cave_entry_ugly_swarm,
          uniq_louise
D:15:     hangedman_depths_entry_civil_slaughter, layout_basic
Temple:   nicolae_temple_the_god_donut
Lair:1:   layout_cave_pods, gauntlet_entry_generic, lemuel_fruit_fields
Lair:2:   layout_roguey, worms_lemuel, grunt_megastairs_4
Lair:3:   layout_chaotic_city, pond, lemuel_fruit_tree
Lair:4:   layout_cave_pods, minmay_shoals_entry_centaurs,
          minmay_snake_entry_guardpost_medium, grunt_megastairs_3, uniq_urug
Lair:5:   cheibrodos_lair_overgrown_chateau, layout_gridlike, slime_entry_1,
          gammafunk_ghost_wrathful_warriors, nicolae_lair_lindhole, uniq_snorg
Lair:6:   grunt_lair_end_beastmaster, layout_loops_ring, grunt_megastairs_2
Shoals:1: layout_shoals, nicolae_shoals_arrival_archipelago
Shoals:2: layout_shoals, uniq_donald
Shoals:3: layout_shoals, gammafunk_ghost_split, serial_shops,
          nicolae_shop_temple_entry_statues_fountains,
          hangedman_shoals_cup_caves
Shoals:4: shoals_end_grunt_garden, layout_shoals, uniq_mara
Snake:1:  layout_layer_cave, nrook_guardian_serpent_double
Snake:2:  layout_basic, uniq_aizul
Snake:3:  layout_basic, serial_shops, shop, nicolae_snake_lava_pool,
          uniq_vashnia
Snake:4:  snake_pit, layout_onion, grunt_ministairs_6, minmay_shoptagon
Slime:1:  cheibrodos_slime_lost_civilization_10, layout_caves
Orc:1:    layout_caves, mines1_david
Orc:2:    grunt_orc_cross, layout_caves, uniq_josephine
Elf:1:    nicolae_elf_arrival_aired_out, layout_onion_city, serial_shops, shop,
          kennysheep_underground_church, uniq_nikola
Elf:2:    elven_hall_of_blades_hangedman_alternative
          [nooodl_blade_entry_preview], layout_geoelf_grid,
          mumra_transporter_accident, uniq_agnes
Elf:3:    minmay_elf_hall_not_hex, layout_loops_corners, uniq_asterion
Vaults:1: vaults_room_fours, vaults_mumra_chevron,
          nicolae_vaults_three_branches, hangedman_vaults_stream,
          ontoclasm_vaults_ring_square, ontoclasm_vaults_loading_screen,
          v_alt_pattern_3, vaults_room_door_hall, hangedman_vaults_impose,
          ontoclasm_vaults_fault, vaults_room_hangedman_quadrants,
          nicolae_vaults_sealed_display, layout_vaults_omnicross
Vaults:2: minmay_crypt_entry_simple_walls, vaults_dpeg_hooks,
          emtedronai_trogs_sanctum, hangedman_vaults_slice,
          vaults_mumra_chevron_long, layout_vaults_quadrants
Vaults:3: nicolae_vaults_network_square, vaults_room_door_ring, v_rooms_1,
          nicolae_vaults_little_squares_2, hangedman_vaults_slither,
          nicolae_vaults_twisting_passages, hangedman_vaults_corner_blocks,
          vaults_dpeg_encased_lava, hangedman_vaults_capsules,
          vaults_mumra_minichess, layout_vaults_omnibox, serial_shops,
          nicolae_shop_behind_doors, uniq_bai_suzhen, uniq_xtahua
Vaults:4: st_cross, vaults_room_fours, hangedman_vaults_corner,
          vaults_room_door_hall, ontoclasm_vaults_ring_large,
          ontoclasm_vaults_decontamination, layout_vaults_chaotic_city,
          serial_glass
Vaults:5: serial_shops
Crypt:1:  layout_regular_city, grunt_ministairs_7,
          grunt_crypt_arrival_guarded_gate
Crypt:2:  layout_regular_city
Crypt:3:  church_of_pain_bobbens, layout_chaotic_city, tomb_entry_shell_bobbens,
          nzn_life_drinkers, uniq_boris
Depths:1: layout_cave_pools, hell_entry, kennysheep_pointless_box,
          minmay_three_doors, minmay_shop_star
Depths:2: nzn_winding_woodlands_medium [nzn_winding_woodlands_5x5_perimeter,
          nzn_winding_woodlands_5x15_cabin, nzn_winding_woodlands_5x5_open_star,
          nzn_winding_woodlands_5x5_closed_star,
          nzn_winding_woodlands_center_triple_pond,
          nzn_winding_woodlands_5x5_cross, nzn_winding_woodlands_hourglass,
          nzn_winding_woodlands_5x15_zeroes, nzn_winding_woodlands_5x5_three],
          layout_honeycomb, rand_demon_pan_entry_9, grunt_hell_entry_dis_grunt,
          abyss_entry, ashenzari_conservatory_becter, feat_on_display,
          infiniplex_staircase_zigzag_2, minmay_shop_grove, uniq_grunn
Depths:3: kennysheep_windowed_halls, layout_basic, hangedman_abyss_entry_splay,
          hell_entry
Depths:4: hangedman_spin_cycle, abyss_entry, hell_entry
Zot:1:    dreamdust_black_sun_cult, layout_twisted_circle,
          hangedman_hellfire_club
Zot:2:    layout_misc_corridors
Zot:3:    layout_misc_corridors, hangedman_zot_decor_slant, uniq_parghit
Zot:4:    kennysheep_spiral_hall, layout_gridlike
Zot:5:    layout_misc_corridors, nicolae_lava_and_water, grunt_ministairs_14,
          st_stairs_8

Skill      XL: |  1  2  3  4  5  6  7  8  9 10 11 12 13 14 15 16 17 18 19 20 21 22 23 24 25 26 27 |
---------------+----------------------------------------------------------------------------------+-----
Stealth        | 2 3 4 5 6 |  6.1
Fighting       | 3 4 5 7 9 10 11 12 13 16 20 | 20.0
Crossbows      | 5 6 7 9 11 15 16 17 19 24 | 24.4
Evocations     | 11 12 | 12.0
Armour         | 5 7 8 11 14 18 20 21 22 25 27 | 27.0
Dodging        | 4 6 7 |  7.0
Invocations    | 3 8 9 12 | 12.0
Shields        | 3 10 14 20 23 | 23.0
Hexes          | 2 11 16 18 20 | 20.1
Spellcasting   | 6 11 | 11.6

Action                   |  1- 3 |  4- 6 |  7- 9 | 10-12 | 13-15 | 16-18 | 19-21 | 22-24 | 25-27 || total
-------------------------+-------+-------+-------+-------+-------+-------+-------+-------+-------++-------
 Fire: Hand crossbow     |    97 |   152 |   440 |   509 |   287 |       |       |       |       ||  1485
       Arbalest          |       |       |       |       |   490 |   972 |   996 |  1089 |  1164 ||  4711
       Triple crossbow   |       |       |       |       |       |       |       |       |   454 ||   454
Invok: Recall Ancestor   |       |       |       |    10 |    13 |    13 |       |     5 |    16 ||    57
       Ancestor Life: Kn |       |       |       |       |     1 |       |       |       |       ||     1
       Ancestor Identity |       |       |       |       |     1 |       |       |       |       ||     1
       Idealise          |       |       |       |       |     7 |     9 |     6 |     9 |    19 ||    50
       Transference      |       |       |       |       |       |       |       |     1 |       ||     1
 Abil: Dig               |     1 |       |       |       |       |       |       |       |       ||     1
       Shaft Self        |       |     1 |       |       |       |       |       |     1 |       ||     2
Evoke: Wand              |       |       |    17 |    12 |     4 |     1 |       |     5 |    11 ||    50
       Phial of floods   |       |       |       |       |       |       |       |     3 |       ||     3
       Condenser vane    |       |       |       |       |       |       |       |       |     4 ||     4
       Phantom mirror    |       |       |       |       |       |       |       |       |     1 ||     1
       Lightning rod     |       |       |       |       |       |       |       |       |     4 ||     4
       Box of beasts     |       |       |       |       |       |       |       |       |     1 ||     1
  Use: Scroll            |       |     1 |    19 |     2 |    25 |     3 |    11 |    10 |    15 ||    86
       Potion            |       |       |     2 |     4 |       |     1 |    13 |     3 |    20 ||    43
Armor: Leather armour    |    13 |    37 |    95 |    28 |       |       |       |       |       ||   173
       Troll leather arm |       |       |       |    23 |    74 |    10 |       |       |       ||   107
       Ice dragon scales |       |       |       |       |       |   117 |   168 |    66 |       ||   351
       Robe              |       |       |       |       |       |       |       |     1 |       ||     1
       Plate armour      |       |       |       |       |       |       |       |    40 |   347 ||   387
Dodge: Dodged            |    25 |    53 |   183 |   124 |   172 |   118 |   168 |   102 |   269 ||  1214
Block: Tower shield      |       |       |       |       |       |   256 |   390 |   423 |   838 ||  1907

Table legend: (Time is in decaauts)
 A = Elapsed time spent in this place.
 B = Non-inter-level travel time spent in this place.
 C = Inter-level travel time spent in this place.
 D = Time resting spent in this place.
 E = Time spent auto-exploring this place.
 F = Levels seen in this place.
 G = Mean time per level.
                   A        B        C        D        E       F      G
               +--------+--------+--------+--------+--------+-----+--------+
         Total |  74168 |  65324 |   8844 |  12552 |  37514 |  57 | 1301.2 |
       Dungeon |  20704 |  16820 |   3884 |   2883 |  10072 |  15 | 1380.3 |
        Temple |     52 |     28 |     24 |      0 |     14 |   1 |   52.0 |
          Lair |   7713 |   6130 |   1583 |    520 |   4092 |   6 | 1285.5 |
        Shoals |   4111 |   3740 |    371 |    458 |   2368 |   4 | 1027.8 |
     Snake Pit |   7038 |   6404 |    634 |   1625 |   3656 |   4 | 1759.5 |
    Slime Pits |      1 |      1 |      0 |      0 |      0 |   1 |    1.0 |
  Orcish Mines |   2123 |   1851 |    272 |    258 |   1142 |   2 | 1061.5 |
   Elven Halls |   4010 |   3592 |    418 |    183 |   2464 |   3 | 1336.7 |
        Vaults |   9413 |   8539 |    874 |   1227 |   5555 |   5 | 1882.6 |
         Crypt |   3048 |   2871 |    177 |      0 |   2117 |   3 | 1016.0 |
        Depths |   6385 |   6076 |    309 |   1730 |   2916 |   4 | 1596.2 |
           Zot |   6579 |   6285 |    294 |   2313 |   2685 |   5 | 1315.8 |
         Abyss |    512 |    512 |      0 |     71 |    174 |   1 |  512.0 |
        Bailey |   1145 |   1145 |      0 |    672 |     71 |   1 | 1145.0 |
      Ice Cave |   1166 |   1166 |      0 |    610 |     58 |   1 | 1166.0 |
      Gauntlet |    160 |    160 |      0 |      0 |    126 |   1 |  160.0 |
               +--------+--------+--------+--------+--------+-----+--------+

Top non-repeatable levels by time:
 Snake:2: 2678 daAuts
     D:4: 2623 daAuts
     D:8: 2455 daAuts
Vaults:4: 2291 daAuts
Vaults:3: 2083 daAuts
Depths:4: 2000 daAuts
Vaults:1: 1900 daAuts
    D:14: 1838 daAuts
 Snake:4: 1723 daAuts
     D:5: 1684 daAuts
  Lair:5: 1680 daAuts
Depths:2: 1667 daAuts
Vaults:2: 1609 daAuts
   Zot:1: 1607 daAuts
   Elf:3: 1528 daAuts
